 Dungeon Crawl Stone Soup version 0.28-a0-991-g956f0ee3d5 (webtiles) character file.

Game seed: 12325255287372577083

3287 tilp the Covert (level 9, 39/39 HPs)
             Began as a Felid Ice Elementalist on Dec 4, 2021.
             Was a Believer of Ru.
             Quit the game on level 10 of the Dungeon.
             The game lasted 00:21:35 (15338 turns).

tilp the Covert (Felid Ice Elementalist)           Turns: 15338, Time: 00:21:36

Health: 39/39      AC:  2    Str:  4    XL:     9   Next: 69%
Magic:  16/16      EV: 21    Int: 20    God:    Ru [**....]
Gold:   563        SH:  0    Dex: 18    Spells: 2/16 levels left
                                        Lives:  0   Deaths: 2

rFire   . . .      SeeInvis +     - Unarmed
rCold   . . .      Faith    .   (shield unavailable)
rNeg    . . .      Spirit   .   (armour unavailable)
rPois   +          Reflect  .   (helmet unavailable)
rElec   .          Harm     .   (cloak unavailable)
rCorr   .          Rampage  .   (gloves unavailable)
Will    +....                   (boots unavailable)
Stlth   ++++......              o - amulet of regeneration
HPRegen 0.00/turn               s - +4 ring of slaying
MPRegen 0.15/turn               x - ring of poison resistance

@: inhibited regen, quick
A: very small, claws 1, fangs 3, see invisible, speed 1, screaming 1, shaggy fur
2, inhibited regeneration, no air magic, no hexes magic, no necromancy magic,
stealthy paws, no weapons or thrown items, no armour, multi-lived
a: Renounce Religion


You were on level 10 of the Dungeon.
You worshipped Ru.
Ru was pleased with you.
You visited 2 branches of the dungeon, and saw 11 of its levels.

You collected 725 gold pieces.
You spent 162 gold pieces at shops.

Inventory:

Jewellery
 d - a ring of wizardry
 m - an amulet of reflection
 o - an amulet of regeneration (around neck)
 s - a +4 ring of slaying (left paw)
 x - a ring of poison resistance (right paw)
Wands
 f - a wand of mindburst (9)
 p - a wand of iceblast (10)
 q - a wand of flame (27)
Scrolls
 h - 2 scrolls of holy word
 j - 2 scrolls of teleportation
 t - a scroll of amnesia {unknown}
 u - a scroll of identify
 w - a scroll of fog
Potions
 a - 5 potions of curing
 b - 2 potions of heal wounds
 c - 2 potions of haste
 e - 2 potions of flight
 g - a potion of lignification
 i - a potion of attraction
 k - 2 potions of mutation
 l - a potion of resistance
 n - a potion of berserk rage
 r - a potion of cancellation
 v - a potion of ambrosia {unknown}


   Skills:
 + Level 4.7 Fighting
 + Level 6.9 Dodging
 + Level 8.8 Stealth
 + Level 8.4 Unarmed Combat
 - Level 4.0 Spellcasting
 - Level 6.0 Conjurations
 - Level 8.0 Ice Magic
 - Level 2.0 Earth Magic
 - Level 6.0 Evocations


You had 2 spell levels left.
You knew the following spells:

 Your Spells              Type           Power      Damage    Failure   Level
a - Freeze                Ice            100%       1d11      1%          1
b - Frozen Ramparts       Ice            72%        1d9       1%          3
c - Ozocubu's Armour      Ice            36%        N/A       1%          3
d - Hailstorm             Conj/Ice       32%        3d8       7%          4
e - Stone Arrow           Conj/Erth      40%        3d9       8%          3

Your spell library contained the following spells:

 Spells                   Type           Power      Damage    Failure   Level
 Sandblast                Erth           24%        2d8       5%          1
 Passwall                 Tmut/Erth      6%         N/A       13%         2
 Iskenderun's Battlesphe  Conj           28%        2d8       30%         5
 Call Canine Familiar     Summ           4%         N/A       36%         3
 Petrify                  Tmut/Erth      8%         N/A       63%         4
 Fireball                 Conj/Fire      8%         3d6       71%         5
 Alistair's Intoxication  Tmut/Pois      2%         N/A       98%         5
 Statue Form              Tmut/Erth      5%         N/A       100%        6
 Orb of Destruction       Conj           14%        9d7       100%        7
 Portal Projectile        Hex/Tloc       Unusable   N/A       N/A         3
 Metabolic Englaciation   Hex/Ice        Unusable   N/A       N/A         5
 Leda's Liquefaction      Hex/Erth       Unusable   N/A       N/A         4
 Conjure Ball Lightning   Conj/Air       Unusable   3x3d6     N/A         6

Dungeon Overview and Level Annotations

Branches:
Dungeon (10/15)            Temple (1/1) D:4            Lair (0/6) D:9
    Orc (0/2) D:10

Altars:
Ashenzari
Cheibriados
Dithmenos
Elyvilon
Fedhas
Gozag
Hepliaklqana
Kikubaaqudgha
Makhleb
Nemelex Xobeh
Okawaru
Qazlal
Ru
Sif Muna
Trog
Uskayaw
Vehumet
Wu Jian
Xom
Yredelemnul
Zin
The Shining One
Beogh

Shops:
D:6 *   D:9 =

Annotations:
D:4 Duvessa, Sigmund
D:10 Snorg


Innate Abilities, Weirdness & Mutations

You have sharp claws.
You have razor-sharp teeth.
You have supernaturally acute eyesight. (SInv)
You cover ground quickly. (Speed+)
You occasionally shout uncontrollably at your foes.
You are covered in thick fur. (AC +2)
You do not regenerate when monsters are visible.
You cannot study or cast Air magic.
You cannot study or cast Hexes magic.
You cannot study or cast Necromancy magic.
Your paws help you pounce on unaware monsters.
You are incapable of wielding weapons or throwing items.
You cannot wear armour.
You gain extra lives every three experience levels.


Message History

Snorg's mind is blasted!!
Snorg goes berserk!
Unknown command.
Aiming: Mindburst
Press: ? - help, Shift-Dir - straight line, f/p - Snorg
Aim: Snorg (severely wounded, berserk, chance to affect: 55%) Snorg's mind is blasted!!
Snorg bites you!!
Ouch! That really hurt!
* * * LOW HITPOINT WARNING * * *
Snorg closely misses you. x2
Aiming: Mindburst
Press: ? - help, Shift-Dir - straight line, f/p - Snorg
Aim: Snorg (almost dead, berserk, chance to affect: 55%) Snorg's mind is blasted!
Snorg barely misses you. x2; Snorg claws you.
* * * LOW HITPOINT WARNING * * *
Snorg bites you!
You die...
Snorg completely misses you. Snorg claws you!
You are now level 9!
You rejoin the land of the living...
Unknown command.
Unknown command.
Unknown command.
You hear a shout!
You hear a shout!
You hear a shout!
You hear a shout!
You hear a shout!
You hear a shout!
You hear a shout!
You hear a shout!
You hear a shout!
You hear a shout!
You hear a shout!
An orc comes into view.
It is wielding a +2 hand axe of flaming.
An orc is nearby!
An orc is nearby!
An orc is nearby!
An orc is nearby!
An orc is nearby!
Are you sure you want to abandon this character and quit the game? (Confirm with "yes".)

.....>...†T......................
###############..................
# #..################ # #..# #
#..# # #..# # #..# #
######..################
.......@................
o.......................
######..################ #..#
#..# #..# ...# .....


You could see an orc (wandering).

Vanquished Creatures
  Harold (D:9)
  A centaur warrior (D:9)
  A two-headed ogre (D:9)
  Maurice (D:9)
  A slime creature (D:9)
  A spriggan (shapeshifter) (D:10)
  A wyvern (D:9)
  9 yaks
  A wraith (D:9)
  2 steam dragons
  3 water moccasins
  A sky beast (D:6)
  An ice beast (D:5)
  2 necrophages
  7 orc warriors
  6 centaurs
  4 ogres
  3 phantoms
  4 bullfrogs (D:8)
  2 scorpions
  A gnoll sergeant (D:5)
  A water moccasin zombie (D:6)
  4 killer bees (D:9)
  2 howler monkeys
  5 centaur zombies
  A hound (D:6)
  7 orc priests
  A centaur skeleton (D:5)
  Ijyb (D:3)
  3 iguanas
  7 orc wizards
  6 adders
  2 shadow imps (D:6)
  3 white imps
  An ufetubus (D:5)
  An adder skeleton (D:4)
  A worm (D:5)
  74 orcs
  7 bats
  2 bat zombies (D:4)
  7 endoplasms
  4 giant cockroaches
  2 goblins (D:1)
  8 hobgoblins
  5 jackals
  2 quokkas (D:3)
  6 ball pythons
  7 frilled lizards
  4 kobolds
  3 rats
  A rat zombie (D:4)
  A bush (D:1)
232 creatures vanquished.

Vanquished Creatures (others)
  3 plants (D:1)
3 creatures vanquished.

Grand Total: 235 creatures vanquished

Notes
Turn   | Place    | Note
-------+----------+-------------------------------------------
     0 | D:1      | tilp the Felid Ice Elementalist began the quest for the
                  | Orb.
     0 | D:1      | Reached XP level 1. HP: 7/7 MP: 4/4
    51 | D:1      | Reached skill level 1 in Unarmed Combat
    85 | D:1      | Found a faded altar of an unknown god.
   285 | D:1      | Reached XP level 2. HP: 11/11 MP: 6/6
   757 | D:1      | You fall into a shaft and drop 1 floor!
  1407 | D:1      | Reached XP level 3. HP: 14/14 MP: 5/7
  1411 | D:1      | Learned a level 3 spell: Frozen Ramparts
  2662 | D:3      | Reached XP level 4. HP: 5/18 MP: 0/9
  3239 | D:3      | Noticed Ijyb
  3245 | D:3      | Killed Ijyb
  3864 | D:3      | Learned a level 3 spell: Ozocubu's Armour
  4086 | D:3      | Reached XP level 5. HP: 21/21 MP: 4/10
  4551 | D:4      | Noticed a necrophage
  4656 | D:4      | Noticed an ogre
  4945 | D:4      | Got the Guide on Poisonous Stones
  4997 | D:4      | Reached skill level 5 in Ice Magic
  5040 | D:4      | Killed an ogre
  5155 | D:4      | Noticed Sigmund
  5155 | D:4      | Noticed Duvessa
  5168 | D:4      | Found a staircase to the Ecumenical Temple.
  5184 | Temple   | Entered the Ecumenical Temple
  5355 | Temple   | Became a worshipper of Ru the Awakened
  5388 | D:4      | Killed a necrophage
  5389 | D:4      | Gained mutation: You are covered in thick fur. (AC +2)
                  | [Felid growth]
  5389 | D:4      | Reached XP level 6. HP: 17/24 MP: 10/12
  5491 | D:4      | Noticed an ice beast
  6766 | D:4      | Found an ancient bone altar of Kikubaaqudgha.
  7000 | D:5      | Entered Level 5 of the Dungeon
  7028 | D:5      | Learned a level 4 spell: Hailstorm
  7090 | D:5      | Noticed an ice beast
  7321 | D:5      | Reached skill level 1 in Evocations
  7423 | D:5      | Reached XP level 7. HP: 16/27 MP: 4/14
  7720 | D:5      | Reached skill level 1 in Fighting
  8748 | D:5      | Reached XP level 8. HP: 33/33 MP: 12/15
  8928 | D:6      | Reached skill level 5 in Stealth
  9232 | D:6      | Reached skill level 1 in Conjurations
  9594 | D:6      | Found Xatykex's Assorted Antiques.
  9596 | D:6      | Gained mutation: You cannot study or cast Air magic. [Ru
                  | sacrifice]
  9596 | D:6      | Gained mutation: You cannot study or cast Hexes magic. [Ru
                  | sacrifice]
  9596 | D:6      | Gained mutation: You cannot study or cast Necromancy magic.
                  | [Ru sacrifice]
  9596 | D:6      | Reached * piety under Ru
 10353 | D:6      | Bought a scroll of identify for 54 gold pieces
 10353 | D:6      | Bought a scroll of identify for 54 gold pieces
 10353 | D:6      | Bought a scroll of identify for 54 gold pieces
 10551 | D:7      | Reached XP level 9. HP: 36/36 MP: 8/16
 10694 | D:7      | Found a blossoming altar of Fedhas.
 10699 | D:7      | Found a radiant altar of Vehumet.
 10876 | D:7      | Found a basalt altar of Yredelemnul.
 10876 | D:7      | Found a hide-covered altar of Uskayaw.
 12117 | D:9      | Gained mutation: You do not regenerate when monsters are
                  | visible. [Ru sacrifice]
 12172 | D:9      | Reached skill level 5 in Unarmed Combat
 12461 | D:9      | Reached skill level 5 in Dodging
 12593 | D:9      | Found a staircase to the Lair.
 12753 | D:9      | Reached skill level 5 in Evocations
 12755 | D:9      | Reached XP level 10. HP: 36/42 MP: 7/17
 12881 | D:9      | Noticed a two-headed ogre
 12986 | D:9      | Noticed Harold
 13022 | D:9      | Noticed Maurice
 13035 | D:9      | Killed Maurice
 13386 | D:9      | Found Zujak Coida's Jewellery Boutique.
 13607 | D:9      | Mangled by a two-headed ogre
 13608 | D:9      | Reached XP level 9. HP: -7/39 MP: 7/16
 13623 | D:9      | Killed a two-headed ogre
 13713 | D:9      | Noticed a centaur warrior
 13721 | D:9      | Killed a centaur warrior
 13722 | D:9      | Reached skill level 5 in Conjurations
 13722 | D:9      | Reached XP level 10. HP: 25/42 MP: 10/17
 13785 | D:9      | Learned a level 3 spell: Stone Arrow
 13959 | D:9      | Killed Harold
 13989 | D:10     | Entered Level 10 of the Dungeon
 14365 | D:10     | Found a staircase to the Orcish Mines.
 14822 | D:10     | Gained mutation: You occasionally shout uncontrollably at
                  | your foes. [Ru sacrifice]
 14822 | D:10     | Reached ** piety under Ru
 15001 | D:10     | Found a shimmering blue altar of Sif Muna.
 15255 | D:10     | Noticed Snorg
 15265 | D:10     | Slain by Snorg
 15266 | D:10     | Reached XP level 9. HP: -4/39 MP: 14/16
 15338 | D:10     | Quit the game

Illustrated notes

Levels and vault maps discovered:
D:1:      dpeg_arrival_court, layout_loops_ring, serial_forest,
          infiniplex_forest_diagonal, infiniplex_forest_clump_curved,
          infiniplex_forest_clump_long, infiniplex_forest_lined_corner,
          infiniplex_forest_straight_3, infiniplex_forest_lined_room_,
          infiniplex_forest_3_way, infiniplex_forest_end_3,
          infiniplex_forest_end_2, hellmonk_ecumenical_altar_arch_garden
D:2:      layout_loops_cross
D:3:      layout_loops_corners, minmay_diced_spiral, uniq_ijyb
D:4:      layout_loops_cross, lemuel_zombie_altar_kikubaaqudgha,
          minmay_temple_entry_wispy, kennysheep_generic_room_2, uniq_sigmund,
          uniq_duvessa
D:5:      kennysheep_six_static_rooms, layout_rooms
D:6:      layout_cave_pools, serial_shops, shop_fountains, hex_medium
D:7:      layout_cave_pools, mainiacjoe_overflow_divided_tiny,
          mainiacjoe_overflow_catwalk_spiral
D:8:      layout_basic
D:9:      minmay_chambers_of_sixes, layout_irregular_city, lair_entry_dummy,
          serial_shops, nicolae_stop_n_shop_1, uniq_harold, uniq_maurice
D:10:     layout_long_grid, lemuel_tele_altar, hiddenorc2_lemuel, special_room
          [special_room_orc], uniq_snorg
Temple:   eino_temple_scatter_basement

Skill      XL: |  1  2  3  4  5  6  7  8  9 10 |
---------------+-------------------------------+-----
Unarmed Combat | 1 2 3 4 8 7 |  8.4
Ice Magic      | 4 5 6 7 8 |  8.0
Spellcasting   | 3 4 |  4.0
Evocations     | 2 4 5 6 |  6.0
Dodging        | 4 5 6 |  6.9
Stealth        | 4 6 7 8 |  8.8
Fighting       | 1 2 3 4 |  4.7
Conjurations   | 3 5 6 |  6.0
Earth Magic    | 2 |  2.0

Action                   |  1- 3 |  4- 6 |  7- 9 | 10-12 || total
-------------------------+-------+-------+-------+-------++-------
Melee: Unarmed           |   372 |    88 |   211 |    98 ||   769
       Bite              |    59 |     8 |    18 |    16 ||   101
       Punch             |    10 |       |     3 |     5 ||    18
 Cast: Freeze            |    28 |    26 |    50 |    10 ||   114
       Frozen Ramparts   |     2 |     8 |    19 |    18 ||    47
       Ozocubu's Armour  |       |    10 |    31 |    13 ||    54
       Hailstorm         |       |       |     8 |    11 ||    19
Invok: Sacrifice Arcana  |       |       |     1 |       ||     1
       Sacrifice Purity  |       |       |     1 |     1 ||     2
Evoke: Wand              |       |     4 |    13 |     9 ||    26
  Use: Scroll            |     3 |     9 |    10 |       ||    22
       Potion            |       |       |     2 |       ||     2
 Stab: Sleeping          |    13 |     8 |    14 |     2 ||    37
       Distracted        |       |       |       |     1 ||     1
Armor: Skin              |     4 |    22 |    46 |    37 ||   109
Dodge: Dodged            |    51 |    95 |   210 |   122 ||   478
Block: Other             |       |     6 |    24 |       ||    30
       Reflection        |       |       |     1 |       ||     1

Table legend: (Time is in decaauts)
 A = Elapsed time spent in this place.
 B = Non-inter-level travel time spent in this place.
 C = Inter-level travel time spent in this place.
 D = Time resting spent in this place.
 E = Time spent auto-exploring this place.
 F = Levels seen in this place.
 G = Mean time per level.
                   A        B        C        D        E       F      G
               +--------+--------+--------+--------+--------+-----+--------+
         Total |  13870 |  13306 |    564 |   3941 |   7015 |  11 | 1260.9 |
       Dungeon |  13705 |  13166 |    539 |   3941 |   6907 |  10 | 1370.5 |
        Temple |    164 |    140 |     24 |      0 |    108 |   1 |  164.0 |
               +--------+--------+--------+--------+--------+-----+--------+

Top non-repeatable levels by time:
     D:3: 2151 daAuts
     D:9: 1988 daAuts
     D:5: 1875 daAuts
     D:1: 1728 daAuts
     D:4: 1667 daAuts
     D:6: 1368 daAuts
     D:8: 1009 daAuts
    D:10: 930 daAuts
     D:2: 565 daAuts
     D:7: 418 daAuts
  Temple: 164 daAuts
